 Dungeon Crawl Stone Soup version 0.23.0 (webtiles) character file.

Game seed: 11245505780883066976

144844 GordonOverkill the Severer (level 17, 0/108 HPs)
             Began as a Tengu Gladiator on Feb 16, 2019.
             Was a High Priest of Qazlal.
             Slain by a wolf spider (4 damage)
             ... on level 1 of the Spider Nest.
             The game lasted 01:13:55 (30305 turns).

GordonOverkill the Severer (Tengu Gladiator)       Turns: 30305, Time: 01:13:56

Health: 0/108      AC: 26    Str: 21    XL:     17   Next: 40%
Magic:  11/25      EV:  5    Int: 11    God:    Qazlal [*****.]
Gold:   1535       SH:  0    Dex: 17    Spells: 16/16 levels left

rFire    + + +     SeeInvis .   a - +4 broad axe (drain)
rCold    + . .     Gourm    .   G - +1 large shield {rC+ rF+}
rNeg     . . .     Faith    .   P - +2 plate armour {rF+}
rPois    +         Spirit   .   s - +2 hat {Int+3}
rElec    .         Reflect  +   K - +2 cloak {rPois}
rCorr    .         Harm     .   t - +2 pair of gloves
MR       ++...                  (boots unavailable)
Stlth    ..........             q - +5 amulet of reflection
HPRegen  0.28/turn              o - ring of protection from magic
MPRegen  0.19/turn              M - ring of protection from fire

@: protected from physical damage, flying quickly and evasively, held, slowed,
repel missiles, very slow
A: beak, talons 3, able to fly
a: Stop Flying, Upheaval, Elemental Force, Disaster Area, Renounce Religion


You were on level 1 of the Spider Nest.
You worshipped Qazlal.
Qazlal was extremely pleased with you.
You were not hungry.

You visited 5 branches of the dungeon, and saw 25 of its levels.
You also visited: Bailey.

You collected 2617 gold pieces.
You spent 1082 gold pieces at shops.

Inventory:

Hand Weapons
 a - a +4 broad axe of draining (weapon)
 b - a +2 scimitar of flaming
Missiles
 g - 747 stones
 m - 70 tomahawks of returning
 F - 22 tomahawks
Armour
 s - a +2 hat of intelligence (worn)
 t - a +2 pair of gloves (worn)
 G - a +1 large shield of resistance (worn)
 K - a +2 cloak of poison resistance (worn)
 P - a +2 plate armour of fire resistance (worn)
Jewellery
 n - an uncursed amulet of rage
 o - a ring of protection from magic (left hand)
 q - a +5 amulet of reflection (around neck)
 M - a ring of protection from fire (right hand)
Wands
 c - a wand of acid (12)
 h - a wand of disintegration (29)
 u - a wand of flame (65)
 y - a wand of random effects (14)
 O - a wand of paralysis (9)
 R - a wand of clouds (4)
Scrolls
 d - 4 scrolls of magic mapping
 i - a scroll of enchant armour
 l - 4 scrolls of teleportation
 C - 8 scrolls of remove curse
 E - a scroll of identify
 I - 2 scrolls of amnesia
Potions
 f - 3 potions of might
 j - 2 potions of haste
 k - 4 potions of mutation
 p - a potion of resistance {unknown}
 r - 2 potions of agility
 v - 5 potions of curing
 w - 3 potions of brilliance
 x - 4 potions of heal wounds
 A - 2 potions of cancellation
 B - 2 potions of magic
 D - a potion of lignification
 H - a potion of ambrosia
 N - 2 potions of berserk rage
Miscellaneous
 Q - a phial of floods
Comestibles
 e - 32 rations


   Skills:
 + Level 13.1 Fighting
 - Level 18.0 Axes
 - Level 2.0 Throwing
 + Level 6.4 Armour
 - Level 5.0 Dodging
 - Level 15.0 Shields
 - Level 10.0 Invocations
 - Level 5.0 Evocations


You had 16 spell levels left.
You didn't know any spells.
Your spell library contained the following spells:

 Spells                   Type           Power        Failure   Level  Hunger
 Infusion                 Chrm           #...         100%        1    ##.....
 Sandblast                Erth           #.....       100%        1    ##.....
 Shock                    Conj/Air       #...         100%        1    ##.....
 Sting                    Conj/Pois      #...         100%        1    ##.....
 Passwall                 Tmut/Erth      #.......     100%        2    ###....
 Poisonous Vapours        Pois/Air       #.....       100%        2    ###....
 Shroud of Golubria       Chrm/Tloc      #.........   100%        2    ###....
 Song of Slaying          Chrm           #.......     100%        2    ###....
 Swiftness                Chrm/Air       #.......     100%        2    ###....
 Mephitic Cloud           Conj/Pois/Air  #.......     100%        3    ####...
 Regeneration             Chrm/Necr      #.........   100%        3    ####...
 Spectral Weapon          Hex/Chrm       #.......     100%        3    ####...
 Static Discharge         Conj/Air       #.......     100%        3    ####...
 Stone Arrow              Conj/Erth      #.....       100%        3    ####...
 Airstrike                Air            #.........   100%        4    #####..
 Cause Fear               Hex            #.........   100%        4    #####..
 Olgreb's Toxic Radiance  Pois           #.......     100%        4    #####..
 Petrify                  Tmut/Erth      #.......     100%        4    #####..
 Summon Lightning Spire   Summ/Air       #.......     100%        4    #####..
 Lee's Rapid Deconstruct  Erth           #.........   100%        5    ######.
 Lightning Bolt           Conj/Air       #.........   100%        5    ######.
 Silence                  Hex/Air        #.........   100%        5    ######.
 Venom Bolt               Conj/Pois      #.........   100%        5    ######.
 Yara's Violent Unravell  Hex/Tmut       #.........   100%        5    ######.
 Conjure Ball Lightning   Conj/Air       #.........   100%        6    #######
 Deflect Missiles         Chrm/Air       #.........   100%        6    #######
 Discord                  Hex            #.........   100%        8    #######
 Ignition                 Fire           #.........   100%        8    #######
 Shatter                  Erth           #.........   100%        9    #######
 Tornado                  Air            #.........   100%        9    #######


Dungeon Overview and Level Annotations

Branches:
Dungeon (15/15)            Temple (1/1) D:5            Lair (6/6) D:11
 Shoals (0/4) Lair:2       Spider (1/4) Lair:3        Slime (0/5) Lair:6
    Orc (2/2) D:11            Elf (0/3) Orc:2        Vaults (0/5) D:13
 Depths (0/5) D:15

Altars:
Ashenzari
Cheibriados
Dithmenos
Elyvilon
Fedhas
Gozag
Hepliaklqana
Kikubaaqudgha
Makhleb
Nemelex Xobeh
Okawaru
Qazlal
Ru
Sif Muna
Trog
Uskayaw
Vehumet
Wu Jian
Xom
Yredelemnul
Zin
The Shining One

Shops:
D:4 %}(   D:10 }   D:14 *   Orc:2 (%[[(

Annotations:
D:7 exclusion: downstairs
D:13 1 runed translucent door, Skallagrim's ghost, journeyman DEEE
D:15 exclusion: Roxanne, Roxanne
Lair:3 exclusion: oklob plant


Innate Abilities, Weirdness & Mutations

You have a beak for a mouth.
You have claws for feet.
You can fly continuously.


Message History

The wolf spider hits you but does no damage.
The wolf spider bites you!
* * * LOW HITPOINT WARNING * * *
The redback bites you but does no damage.
The wolf spider hits you but does no damage.
The wolf spider bites you but does no damage.
A wolf spider comes into view.
The redback barely misses you.
The jumping spider is struck by lightning.
You kill the jumping spider!
Qazlal accepts your kill. The redback bites you.
* * * LOW HITPOINT WARNING * * *
The wolf spider hits you!
* * * LOW HITPOINT WARNING * * *
The wolf spider bites you but does no damage.
The redback bites you but does no damage.
The wolf spider hits you but does no damage.
The wolf spider bites you.
You die...

$............##
..............#
..............#
....s.......^###
..........≈)..≈#
...............#
...^..s°.○.§..#≈#
.....≈.☼ss°....#
...≈≈..§s@s.####
...≈...°§ss.#
.....≈..≈†°##
........≈.##
.........≈≈
..........
.^.≈......#
.s.≈.....#


You could see a demonic crawler, 3 wolf spiders, 2 orb spiders and 3 redbacks.

Vanquished Creatures
  Kirke (Lair:5)
  4 dire elephants (Lair:6)
  A fire dragon (D:15)
  Harold (D:8)
  An ice dragon (D:15)
  12 hydras
  An anaconda (Lair:6)
  4 vault guards
  A death knight (D:8)
  19 two-headed ogres
  4 ogre magi (Orc:2)
  A centaur warrior (D:15)
  10 death yaks
  Sonja (Orc:2)
  3 unseen horrors
  3 skeletal warriors (D:12)
  A wizard (D:15)
  A phantasmal warrior (D:8)
  19 ugly things
  A wolf spider (Lair:3)
  An orc sorcerer (D:12)
  3 manticores
  9 elephants (Lair:6)
  5 cyclopes
  4 gargoyles
  2 centaur zombies
  2 torpor snails (Lair:3)
  3 black mambas
  Maurice (D:8)
  11 spiny frogs
  4 centaur skeletons
  2 komodo dragons
  3 rime drakes
  A demonic crawler (Spider:1)
  2 efreet
  3 freezing wraiths (D:8)
  2 polar bears
  A jumping spider (shapeshifter) (D:12)
  A meliai (D:15)
  Grinder (D:6)
  A hornet (Spider:1)
  9 trolls
  3 jumping spiders
  8 hippogriffs
  Prince Ribbit (D:9)
  A meliai zombie (D:10)
  14 slime creatures
  8 blink frogs
  10 dream sheep
  2 tarantellas
  A centaur simulacrum (D:14)
  A vampire (D:11)
  2 shadows
  3 redbacks
  23 yaks
  7 hogs (Lair:5)
  A basilisk (Lair:5)
  3 wyverns
  4 vampire mosquitoes (D:14)
  3 hungry ghosts
  Menkaure (D:5)
  5 wargs
  11 water moccasins
  24 orc warriors
  9 porcupines
  Duvessa (D:5)
  An eye of draining (D:12)
  4 ice beasts
  3 black bears
  A phantom (D:6)
  6 sky beasts
  33 ogres
  6 centaurs
  16 crocodiles
  A big kobold (shapeshifter) (D:14)
  21 bullfrogs
  A big kobold (D:12)
  2 wyvern zombies (D:13)
  Dowan (D:5)
  A wyvern skeleton (D:12)
  A water moccasin skeleton (D:12)
  A troll zombie (D:11)
  7 scorpions
  5 wights
  9 electric eels
  4 howler monkeys
  2 jellies
  11 crimson imps
  A quasit (D:9)
  2 bullfrog zombies
  Crazy Yiuf (D:2)
  6 hounds
  3 bullfrog skeletons
  22 orc priests
  21 orc wizards
  2 iguanas
  7 hell rats (Lair:4)
  Natasha (thrice) (D:1)
  14 worker ants
  7 ogre zombies (D:11)
  A bullfrog simulacrum (D:12)
  A hound zombie (D:9)
  A hound skeleton (D:6)
  A worker ant zombie (D:7)
  9 gnolls
  9 adders
  5 shadow imps
  5 adder skeletons
  2 adder zombies
  2 worms (D:3)
  A dart slug (D:1)
  7 leopard geckos
  96 orcs
  2 giant cockroaches
  9 hobgoblins
  10 jackals
  6 quokkas
  2 ball pythons
  7 bats
  3 frilled lizards (D:1)
  14 goblins
  2 goblin skeletons (D:11)
  2 goblin zombies (D:11)
  2 hobgoblin skeletons (D:11)
  6 hobgoblin zombies (D:11)
  A jackal skeleton (D:4)
  18 kobolds
  A leopard gecko zombie (D:7)
  2 orc skeletons (D:11)
  11 orc zombies (D:11)
  A quokka skeleton (D:6)
  A quokka zombie (D:6)
  7 rats
  A bush (D:1)
  A butterfly (Lair:3)
  6 plants
787 creatures vanquished.

Vanquished Creatures (collateral kills)
  Rupert (Lair:4)
  Gastronok (Lair:2)
  2 dire elephants (Lair:6)
  A porcupine (Lair:4)
5 creatures vanquished.

Vanquished Creatures (others)
  A centaur warrior (D:13)
  3 cyclopes
  A manticore (D:14)
  4 centaurs
  2 orcs
  6 kobolds (Bailey)
  8 fungi
  10 plants
35 creatures vanquished.

Grand Total: 827 creatures vanquished

Notes
Turn   | Place    | Note
-------+----------+-------------------------------------------
     0 | D:1      | GordonOverkill the Tengu Gladiator began the quest for the
                  | Orb.
     0 | D:1      | Reached XP level 1. HP: 12/12 MP: 2/2
   465 | D:1      | Reached XP level 2. HP: 17/17 MP: 3/3
  1339 | D:1      | Reached XP level 3. HP: 22/22 MP: 4/4
  1620 | D:2      | Noticed Natasha
  1993 | D:1      | Killed Natasha
  1993 | D:1      | Reached skill level 4 in Axes
  1993 | D:1      | Reached XP level 4. HP: 9/28 MP: 5/5
  2071 | D:1      | Noticed Natasha
  2417 | D:2      | Found a runed translucent door.
  2418 | D:2      | Noticed Crazy Yiuf
  3310 | D:3      | Gained mutation: You can fly continuously. [Tengu growth]
  3310 | D:3      | Reached XP level 5. HP: 32/32 MP: 6/6
  3428 | D:3      | Found a faded altar of an unknown god.
  4264 | D:3      | Reached skill level 1 in Shields
  4464 | D:4      | Found Fobaruer's Gadget Shoppe.
  4552 | D:4      | Found Upeuc's Food Boutique.
  4661 | D:4      | Reached XP level 6. HP: 34/38 MP: 7/7
  4758 | D:4      | Found Tesuneiz's Weapon Emporium.
  4807 | D:4      | Found a sparkling altar of Nemelex Xobeh.
  4871 | D:5      | Entered Level 5 of the Dungeon
  4941 | D:5      | Found a staircase to the Ecumenical Temple.
  4948 | D:5      | Noticed Duvessa
  4950 | D:5      | Noticed Dowan
  5143 | D:5      | Killed Duvessa
  5143 | D:5      | Reached skill level 5 in Axes
  5155 | D:5      | Killed Dowan
  5413 | D:5      | Reached skill level 5 in Dodging
  5447 | D:5      | Found a basalt altar of Yredelemnul.
  5503 | Temple   | Entered the Ecumenical Temple
  5634 | Temple   | Became a worshipper of Qazlal Stormbringer
  5825 | D:5      | Noticed Menkaure
  5854 | D:5      | Killed Menkaure
  5854 | D:5      | Reached XP level 7. HP: 44/44 MP: 8/8
  6031 | D:5      | Reached skill level 1 in Invocations
  6574 | D:6      | Noticed Grinder
  6576 | D:6      | Got a bloodstained leather armour
  6662 | D:6      | Reached skill level 5 in Fighting
  6662 | D:6      | Reached skill level 6 in Axes
  6662 | D:6      | Reached XP level 8. HP: 37/49 MP: 10/10
  6766 | D:6      | Killed Grinder
  6941 | D:6      | Identified the +1 leather armour of Xom's Reproof {rElec}
                  | (You found it on level 6 of the Dungeon)
  7053 | D:6      | Reached skill level 1 in Armour
  7107 | D:6      | Reached * piety under Qazlal
  7455 | D:5      | Reached skill level 7 in Axes
  7497 | D:6      | Reached XP level 9. HP: 46/55 MP: 12/12
  8449 | D:7      | Reached skill level 1 in Evocations
  8451 | D:7      | Reached skill level 8 in Axes
  9129 | D:8      | Noticed Harold
  9138 | D:7      | Reached ** piety under Qazlal
  9229 | D:8      | Reached skill level 5 in Invocations
  9233 | D:8      | Killed Harold
  9233 | D:8      | Reached XP level 10. HP: 64/64 MP: 14/14
  9354 | D:8      | Noticed Maurice
  9369 | D:8      | Killed Maurice
  9389 | D:8      | Noticed a phantasmal warrior
  9394 | D:8      | Noticed a death knight
  9952 | D:8      | Noticed a two-headed ogre
 10199 | D:9      | Noticed a two-headed ogre
 10218 | D:9      | Killed a two-headed ogre
 10218 | D:9      | Reached skill level 9 in Axes
 10218 | D:9      | Reached skill level 5 in Armour
 11087 | D:9      | Reached *** piety under Qazlal
 11087 | D:9      | Reached skill level 5 in Evocations
 11132 | D:9      | Found a shadowy altar of Dithmenos.
 11158 | D:9      | Noticed Prince Ribbit
 11166 | D:9      | Killed Prince Ribbit
 11250 | D:9      | Reached XP level 11. HP: 69/69 MP: 15/15
 11308 | D:9      | Reached skill level 10 in Axes
 11479 | D:10     | Entered Level 10 of the Dungeon
 11562 | D:10     | Killed an unseen horror
 11736 | D:10     | Noticed a cyclops
 11917 | D:10     | Killed a cyclops
 11959 | D:10     | Found a flagged portal.
 11988 | Bailey   | Entered a bailey
 12304 | Bailey   | Reached **** piety under Qazlal
 12625 | D:10     | Reached skill level 10 in Fighting
 12625 | D:10     | Reached skill level 11 in Axes
 12723 | D:10     | Found Divoxol's Gadget Boutique.
 12844 | D:10     | You are sucked into a shaft for 3 floors!
 12880 | D:13     | Reached skill level 12 in Axes
 12880 | D:13     | Noticed a two-headed ogre
 12891 | D:13     | Killed a two-headed ogre
 12910 | D:13     | Reached ***** piety under Qazlal
 12945 | D:13     | Reached skill level 13 in Axes
 12948 | D:13     | Reached XP level 12. HP: 65/77 MP: 16/16
 13097 | D:13     | Noticed a centaur warrior
 13104 | D:13     | Killed a centaur warrior
 13104 | D:13     | Reached skill level 14 in Axes
 13187 | D:12     | Noticed a seven-headed hydra
 13197 | D:12     | Killed a seven-headed hydra
 13198 | D:12     | Reached skill level 15 in Axes
 13564 | D:12     | Reached skill level 5 in Shields
 13683 | D:12     | Noticed a six-headed hydra
 13688 | D:12     | Killed a six-headed hydra
 13802 | D:12     | Reached XP level 13. HP: 60/83 MP: 17/17
 14211 | D:11     | Found a staircase to the Lair.
 14855 | D:11     | Found a staircase to the Orcish Mines.
 15720 | D:13     | Noticed a vault guard
 15726 | D:13     | Noticed a vault guard
 15727 | D:13     | Noticed a vault guard
 15743 | D:12     | Killed a vault guard
 15747 | D:12     | Killed a vault guard
 16194 | D:13     | Noticed a vault guard
 16206 | D:12     | Killed a vault guard
 16285 | D:13     | Reached skill level 16 in Axes
 16295 | D:13     | Killed a vault guard
 16506 | D:13     | Found a runed translucent door.
 16507 | D:13     | Identified the cursed +1 trident of Compassion {elec, rC+
                  | Str+5}
 16507 | D:13     | Identified the +5 scale mail "Hiumn" {rC+}
 16508 | D:13     | Noticed Skallagrim's ghost (journeyman DEEE)
 16584 | D:13     | Found a gate to the Vaults.
 16772 | Lair:1   | Entered Level 1 of the Lair of Beasts
 16817 | Lair:1   | Reached ****** piety under Qazlal
 17967 | Lair:2   | Found a staircase to the Shoals.
 18013 | Lair:2   | Noticed Gastronok
 18142 | Lair:2   | Killed Gastronok
 18918 | Lair:3   | Reached XP level 14. HP: 73/90 MP: 18/18
 18932 | Lair:3   | Reached skill level 10 in Shields
 18950 | Lair:3   | Found a hole to the Spider Nest.
 19119 | Lair:3   | Identified a scroll of acquirement
 20077 | Lair:4   | Noticed Rupert
 20090 | Lair:4   | Killed Rupert
 20687 | Lair:5   | Noticed Kirke
 20706 | Lair:5   | Killed Kirke
 21813 | Lair:6   | Entered Level 6 of the Lair of Beasts
 21962 | Lair:6   | Reached XP level 15. HP: 85/97 MP: 21/21
 21968 | Lair:6   | Reached skill level 17 in Axes
 22518 | Lair:6   | Found a staircase to the Slime Pits.
 23553 | Lair:6   | Found a staircase to the Slime Pits.
 24472 | D:14     | Reached XP level 16. HP: 103/103 MP: 21/23
 24478 | D:14     | Found Guby's Changing Room.
 24488 | D:14     | Bought a potion of mutation for 88 gold pieces
 25218 | D:15     | Entered Level 15 of the Dungeon
 25817 | D:15     | Found a burning altar of Makhleb.
 25928 | D:15     | Noticed Roxanne
 26243 | D:15     | Found a staircase to the Depths.
 26287 | D:15     | Found a blossoming altar of Fedhas.
 26463 | Orc:1    | Entered Level 1 of the Orcish Mines
 26524 | Orc:1    | Reached skill level 10 in Invocations
 26593 | Orc:1    | Found a shimmering altar of Xom.
 26806 | Orc:2    | Entered Level 2 of the Orcish Mines
 26837 | Orc:2    | Noticed Sonja
 26853 | Orc:2    | Reached XP level 17. HP: 99/108 MP: 25/25
 26856 | Orc:2    | Killed Sonja
 27094 | Orc:2    | Reached skill level 18 in Axes
 27135 | Orc:2    | Found a staircase to the Elven Halls.
 27282 | Orc:2    | Found Ifagav's Antique Armour Shoppe.
 27282 | Orc:2    | Found Quod's Antique Weapon Boutique.
 27283 | Orc:2    | Found Wittys's Food Shop.
 27283 | Orc:2    | Found Lixt's Armour Shoppe.
 27294 | Orc:2    | Bought a pair of bloodstained gloves for 266 gold pieces
 27294 | Orc:2    | Bought a shiny plate armour for 728 gold pieces
 27299 | Orc:2    | Found Esaschez's Weapon Boutique.
 27346 | Orc:2    | Identified the +1 pair of gloves of the Manifold Coins
                  | {rPois Int+3} (You bought it in a shop on level 2 of the
                  | Orcish Mines)
 28255 | D:8      | Reached skill level 15 in Shields
 29188 | D:1      | Killed Natasha
 29295 | D:1      | Noticed Natasha
 29300 | D:1      | Killed Natasha
 29865 | D:2      | Killed Crazy Yiuf
 30138 | Spider:1 | Entered Level 1 of the Spider Nest
 30305 | Spider:1 | HP: 4/108 [wolf spider (7)]
 30305 | Spider:1 | Slain by a wolf spider

Skill      XL: |  1  2  3  4  5  6  7  8  9 10 11 12 13 14 15 16 17 |
---------------+----------------------------------------------------+-----
Fighting       | 3 4 5 6 7 8 10 11 12 13 | 13.1
Axes           | 4 5 6 7 8 9 13 15 16 17 18 | 18.0
Dodging        | 4 5 |  5.0
Shields        | 1 2 3 4 6 9 11 12 13 15 | 15.0
Invocations    | 2 3 5 6 9 10 | 10.0
Armour         | 2 4 6 |  6.4
Evocations     | 3 5 |  5.0
Throwing       | |  2.0

Action                   |  1- 3 |  4- 6 |  7- 9 | 10-12 | 13-15 | 16-18 || total
-------------------------+-------+-------+-------+-------+-------+-------++-------
Melee: War axe           |    96 |   115 |   250 |   527 |   142 |       ||  1130
       Peck              |    23 |    18 |    57 |   141 |   174 |    96 ||   509
       Kick              |    30 |    37 |    93 |   214 |   286 |   152 ||   812
       Broad axe         |       |       |       |       |   494 |   375 ||   869
       Scimitar          |       |       |       |       |    39 |    11 ||    50
Throw: Stone             |    33 |       |     2 |   114 |       |       ||   149
       Throwing net      |     3 |       |     4 |     4 |       |       ||    11
       Tomahawk          |     2 |    53 |    17 |    19 |       |       ||    91
Invok: Upheaval          |       |       |       |     4 |       |       ||     4
       Disaster Area     |       |       |       |     1 |       |     2 ||     3
       Elemental Force   |       |       |       |       |     6 |       ||     6
 Abil: Fly               |       |     1 |       |       |       |       ||     1
Evoke: Wand              |       |     1 |     8 |    26 |     5 |     1 ||    41
  Use: Scroll            |     4 |     8 |     6 |    10 |    10 |     8 ||    46
       Potion            |       |     1 |     1 |     1 |     1 |     1 ||     5
 Stab: Paralysed         |       |     5 |     4 |       |       |     2 ||    11
       Held in net/web   |       |       |     2 |     4 |       |       ||     6
       Distracted        |       |       |       |       |     1 |       ||     1
  Eat: Chunk             |     3 |    10 |    10 |    12 |    19 |     9 ||    63
       Ration            |       |       |     1 |     1 |     4 |     3 ||     9
Armor: Leather armour    |    18 |       |       |       |       |       ||    18
       Ring mail         |    12 |    10 |       |       |       |       ||    22
       Scale mail        |       |    15 |    14 |       |       |       ||    29
       Chain mail        |       |       |    35 |       |       |       ||    35
       Plate armour      |       |       |     7 |   170 |   172 |   117 ||   466
Dodge: Dodged            |    46 |    69 |    79 |    87 |    82 |    46 ||   409
       Deflected         |       |       |       |     3 |     1 |     2 ||     6
Block: Buckler           |       |    45 |   109 |   176 |       |       ||   330
       Reflection        |       |     1 |     1 |    52 |    19 |    14 ||    87
       Large shield      |       |       |       |   280 |   824 |   433 ||  1537
       Rpst.: Scimitar   |       |       |       |       |     3 |     1 ||     4
